Map: King's Cove LE

Players

Neeb - Winner!

  • Race: Protoss Protoss
  • Spawn Location: 5:00

Clem

  • Race: Terran Terran
  • Spawn Location: 11:00

Event: 2019 WCS Summer

VOD

Have the link to the VOD?

Description

Time

  • Played on: July 12, 2019, 2:02 p.m.
  • Length: 17:08

All games in this series

Show
View Real Time Build Order
Export as new Build Order

Neeb Protoss - Winner!

Build Orders: 1 Gate Expand, Oracle Opening 

Get SALT Encoding   

  12  0:00  Probe  
  13  0:12  Probe  
  14  0:18  Pylon  
  14  0:24  Probe  
  14  0:28  Assimilator  
  15  0:34  Probe  
  15  0:42  Probe  
  16  0:43  Gateway  
  17  0:51  Probe  
  18  1:03  Probe  
  19  1:16  Probe  
  20  1:23  Nexus  
  20  1:33  Cybernetics Core  
  20  1:37  Probe  
  21  1:42  Assimilator  
  21  1:49  Probe  
  21  1:52  Pylon  
  22  2:00  Adept  
  22  2:01  Probe  
  23  2:12  Stargate  
  25  2:15  Probe  
  25  2:21  Adept  
  25  2:22  Warp Gate  
  26  2:27  Probe  
  27  2:36  Probe  
  30  2:40  Probe  
  30  2:45  Oracle  
  30  2:48  Probe  
  31  2:52  Probe  
  35  3:00  Probe  
  35  3:03  Adept  
  35  3:04  Probe  
  39  3:10  Pylon  
  39  3:12  Probe  
  39  3:16  Probe  
  39  3:20  Oracle  
  39  3:25  Probe  
  40  3:28  Probe  
  40  3:33  Adept  
  46  3:37  Probe  
  46  3:40  Probe  
  48  3:49  Probe  
  48  3:52  Probe, Pylon  
  50  3:56  Gateway  
  50  3:57  Gateway  
  50  4:01  Probe  
  51  4:04  Probe  
  51  4:09  Oracle  
  51  4:13  Probe  
  51  4:16  Probe  
  53  4:17  Assimilator  
  53  4:19  Assimilator  
  56  4:25  Probe  
  56  4:29  Stalker  
  59  4:33  Probe  
  59  4:34  Pylon  
  59  4:38  Probe  
  60  4:45  Probe  
  61  4:50  Probe  
  62  4:57  Probe  
  58  5:00  Nexus  
  58  5:02  Probe  
  59  5:08  Pylon  
  59  5:09  Probe  
  59  5:14  Stalker x2, Probe  
  64  5:19  Twilight Council  
  65  5:21  Probe  
  65  5:24  Stalker  
  69  5:31  Probe  
  69  5:32  Pylon  
  69  5:34  Forge  
  69  5:35  Probe  
  70  5:37  Blink  
  70  5:39  Sentry x2  
  74  5:43  Probe  
  74  5:47  Probe  
  74  5:49  Phoenix  
  78  5:55  Probe  
  79  5:57  Protoss Ground Weapons Level 1  
  79  6:01  Stalker  
  79  6:04  Probe  
  82  6:05  Pylon  
  82  6:08  Probe  
  83  6:11  Stalker  
  83  6:13  Probe  
  83  6:19  Probe  
  83  6:20  Probe  
  86  6:25  Probe  
  86  6:26  Stalker x2  
  86  6:31  Probe  
  86  6:32  Probe  
  92  6:37  Probe  
  93  6:42  Probe  
  93  6:43  Stalker, Probe  
  93  6:46  Probe  
  90  6:50  Probe  
  90  6:52  Probe  
  92  6:55  Probe  
  92  6:57  Robotics Facility  
  92  6:58  Probe  
  94  7:01  Probe  
  94  7:05  Probe  
  94  7:06  Gateway  
  94  7:07  Gateway  
  97  7:08  Sentry  
  97  7:09  Pylon  
  97  7:11  Probe  
  97  7:14  Probe  
  101  7:15  Assimilator  
  101  7:16  Assimilator  
  101  7:18  Probe  
  101  7:20  Pylon  
  102  7:24  Stalker  
  102  7:25  Stalker  
  106  7:32  Probe  
  106  7:35  Probe  
  106  7:36  Probe  
  102  7:42  Charge  
  102  7:44  Probe  
  103  7:46  Protoss Ground Armor Level 1  
  103  7:47  Probe  
  103  7:49  Probe  
  105  7:54  Robotics Bay, Warp Prism  
  105  7:57  Adept x2  
  111  8:00  Adept  
  111  8:01  Adept  
  111  8:04  Gateway  
  115  8:07  Gateway  
  115  8:14  Nexus  
  115  8:15  Pylon  
  115  8:24  Pylon  
  113  8:30  Stalker x4  
  113  8:31  Stalker  
  121  8:39  Colossus  
  121  8:40  Probe x2  
  119  8:48  Probe  
  122  8:52  Probe x2  
  122  8:53  Extended Thermal Lance  
  124  8:58  Adept  
  124  8:59  Adept  
  124  9:00  Probe  
  124  9:01  Stalker x2  
  133  9:12  Pylon  
  133  9:15  Probe, Pylon x2  
  124  9:29  Stalker x6  
  131  9:44  Colossus  
  125  9:50  Probe x2  
  127  9:53  Probe x2  
  129  10:06  Assimilator  
  125  10:08  Assimilator  
  125  10:10  Forge  
  125  10:17  Sentry x2, Zealot x5  
  139  10:21  Pylon  
  139  10:22  Colossus  
  139  10:23  Photon Cannon, Templar Archives, Protoss Ground Weapons Level 2  
  139  10:25  Pylon  
  136  10:35  Gateway  
  136  10:38  Zealot x4  
  136  10:39  Zealot  
  136  10:40  Zealot x2  
  155  10:59  Colossus  
  155  11:03  Stalker x6  
  155  11:04  Stalker  
  155  11:05  Probe  
  155  11:07  Probe x2  
  155  11:11  Probe  
  147  11:17  Probe  
  138  11:19  Probe  
  138  11:20  Probe  
  138  11:24  Probe  
  125  11:27  Stalker  
  125  11:28  Stalker  
  125  11:29  Probe  
  126  11:33  Probe  
  126  11:39  Probe  
  125  11:40  Probe  
  125  11:42  Probe  
  126  11:50  Psionic Storm  
  126  11:51  High Templar, Nexus  
  126  11:52  High Templar x5  
  126  11:54  Protoss Ground Armor Level 2  
  138  11:58  Observer  
  139  12:16  Observer  
  139  12:25  Pylon  
  139  12:26  Stalker x3  
  139  12:27  Stalker x4  
  154  12:33  Probe x2  
  156  12:38  Probe x2  
  158  12:46  Colossus  
  154  12:54  Stalker x3  
  154  12:55  Stalker x2  
  154  12:58  Zealot x2  
  171  13:17  Observer  
  171  13:18  Nexus  
  161  13:23  Nexus  
  159  13:31  High Templar x3  
  165  13:34  Pylon  
  165  13:36  Pylon  
  165  13:52  Immortal  
  165  13:54  Stalker x4  
  175  14:15  Stalker x3  
  181  14:20  Pylon  
  181  14:22  Pylon  
  181  14:23  Pylon  
  181  14:26  Gateway  
  181  14:30  Assimilator  
  177  14:32  Pylon  
  177  14:33  Assimilator  
  177  14:34  Observer, Gateway  
  176  14:38  Stalker x2  
  176  14:39  Stalker x3  
  182  14:50  Archon  
  176  14:53  High Templar x2  
  176  14:55  Dark Shrine  
  177  15:06  High Templar x4  
  165  15:15  Probe x2  
  157  15:27  Photon Cannon  
  157  15:28  Photon Cannon  
  154  15:30  Photon Cannon  
  154  15:31  Stalker x2  
  154  15:32  Photon Cannon  
  157  15:40  Nexus  
  147  15:48  Zealot x2  
  133  15:59  Probe x3  
  133  16:00  Probe  
  133  16:01  Probe  
  138  16:09  Pylon  
  138  16:11  Probe x3  
  138  16:13  Probe  
  138  16:14  Pylon  
  138  16:15  Probe  
  143  16:24  Stalker  
  143  16:25  Stalker x3  
  151  16:26  Disruptor  
  149  16:33  Archon  
  149  16:35  Stalker  
  138  16:49  Stalker  
  138  16:50  Stalker  
Show
View Real Time Build Order
Export as new Build Order

Clem Terran 

Build Orders: Gas First Reaper Expand 

Get SALT Encoding   

  12  0:01  SCV  
  13  0:13  SCV  
  14  0:18  Supply Depot  
  14  0:25  SCV  
  15  0:29  Refinery  
  15  0:39  SCV  
  16  0:45  Barracks  
  16  0:51  SCV  
  17  1:04  SCV  
  18  1:16  SCV  
  19  1:32  Orbital Command  
  19  1:33  Reaper  
  20  1:45  Command Center  
  20  1:55  Factory  
  20  2:00  SCV  
  21  2:07  Barracks Reactor  
  21  2:12  SCV  
  22  2:16  Supply Depot  
  22  2:17  Refinery  
  22  2:24  SCV  
  23  2:37  SCV  
  24  2:44  Starport  
  24  2:47  Hellion  
  24  2:48  Hellion  
  24  2:49  SCV  
  29  3:00  Orbital Command  
  29  3:01  Marine  
  29  3:02  SCV  
  31  3:10  Widow Mine x2  
  34  3:14  SCV  
  35  3:20  Medivac  
  35  3:21  Marine  
  35  3:26  SCV  
  35  3:27  SCV  
  40  3:32  Widow Mine  
  41  3:36  Widow Mine  
  42  3:42  SCV  
  42  3:45  Marine  
  41  3:50  SCV  
  41  3:55  Widow Mine  
  44  3:56  SCV  
  45  4:03  Marine  
  45  4:05  SCV  
  45  4:08  SCV  
  45  4:09  Widow Mine  
  46  4:21  Supply Depot  
  46  4:22  Barracks Tech Lab  
  46  4:26  SCV  
  46  4:41  SCV x2  
  46  4:42  Viking, Command Center  
  46  4:43  Widow Mine  
  46  4:44  Widow Mine  
  52  4:51  Marine  
  53  4:53  SCV  
  53  4:55  Supply Depot  
  53  4:57  SCV  
  52  5:05  SCV  
  48  5:08  Marine  
  48  5:09  SCV  
  50  5:17  SCV, Medivac  
  50  5:19  Stimpack  
  53  5:21  SCV  
  53  5:25  Supply Depot  
  53  5:28  Marine  
  55  5:29  SCV  
  56  5:37  Barracks  
  56  5:41  SCV  
  56  5:42  Barracks  
  57  5:45  Factory Tech Lab, Marine  
  57  5:48  Supply Depot  
  57  5:49  SCV  
  59  5:54  SCV  
  59  5:55  Starport Reactor  
  60  6:00  Orbital Command  
  60  6:02  SCV  
  60  6:03  Marine  
  62  6:07  SCV  
  63  6:13  Engineering Bay  
  63  6:14  SCV  
  63  6:17  Engineering Bay  
  64  6:19  Factory Reactor, SCV  
  64  6:23  Marauder  
  66  6:25  SCV  
  66  6:26  SCV  
  66  6:29  Marine x2  
  66  6:31  SCV  
  70  6:36  Supply Depot  
  70  6:37  SCV  
  70  6:38  SCV  
  72  6:43  Marauder, SCV  
  75  6:48  Marine x2  
  75  6:49  Marauder  
  75  6:54  SCV  
  77  6:55  SCV  
  77  6:56  Orbital Command  
  77  6:57  Refinery  
  77  6:58  Refinery, Terran Infantry Armor Level 1  
  73  7:03  Terran Infantry Weapons Level 1  
  73  7:05  Medivac x2  
  73  7:08  Widow Mine  
  79  7:09  Widow Mine  
  79  7:10  SCV  
  79  7:15  Marine  
  82  7:16  Marine  
  82  7:17  Marauder  
  82  7:18  SCV  
  82  7:22  SCV  
  88  7:26  Marauder  
  88  7:29  SCV, Supply Depot  
  89  7:33  SCV  
  86  7:38  Marine x2, Marauder, SCV  
  86  7:41  SCV  
  92  7:45  SCV  
  92  7:46  Marine  
  92  7:50  SCV  
  95  7:53  SCV  
  95  7:54  Supply Depot  
  95  7:55  Widow Mine x2, Medivac  
  95  7:57  Medivac  
  95  7:58  Concussive Shells  
  104  7:59  SCV  
  104  8:00  Marauder  
  104  8:02  SCV  
  104  8:05  SCV  
  109  8:12  Barracks  
  109  8:14  Barracks  
  109  8:16  Marauder, Marine x2  
  109  8:19  SCV  
  113  8:20  Armory  
  113  8:24  SCV x2  
  113  8:26  Marauder  
  113  8:32  Widow Mine x2  
  113  8:34  Marine x2  
  116  8:41  Marauder  
  116  8:42  Medivac x2  
  116  8:43  SCV, Supply Depot  
  117  8:55  Supply Depot  
  117  9:00  Combat Shield  
  117  9:02  Barracks Reactor, Barracks Tech Lab  
  117  9:05  Widow Mine, Marauder, Liberator x2, SCV x3  
  117  9:09  Widow Mine  
  125  9:14  Marine x2  
  125  9:17  Marauder, SCV x3  
  125  9:25  Marauder  
  125  9:27  Marauder  
  125  9:29  SCV x2  
  125  9:33  SCV  
  125  9:34  Marine x2  
  125  9:38  Widow Mine x2  
  125  9:39  Marauder  
  125  9:40  Marine  
  125  9:41  Marine  
  116  9:46  Marauder  
  116  9:51  Terran Infantry Weapons Level 2, Refinery  
  116  9:53  Refinery  
  116  9:56  SCV  
  116  9:57  SCV x2  
  116  9:58  Marine x2  
  116  9:59  Marine  
  118  10:00  Marine  
  118  10:01  Marauder  
  121  10:07  Marauder  
  121  10:08  Marauder  
  121  10:11  SCV x2  
  121  10:12  Terran Infantry Armor Level 2  
  121  10:13  SCV  
  126  10:16  Marine  
  126  10:21  Command Center  
  127  10:25  Marine x2  
  127  10:26  Marine x2  
  127  10:28  Medivac  
  133  10:34  Supply Depot  
  133  10:36  Supply Depot  
  133  10:37  Marine, Medivac  
  133  10:38  Widow Mine x2  
  140  10:45  Terran Ship Weapons Level 1  
  140  10:55  Barracks, Marine  
  140  10:56  Marauder x3, Marine  
  148  10:57  Barracks  
  148  10:59  Marine x2, Widow Mine  
  148  11:03  Widow Mine  
  135  11:13  Marine x2  
  135  11:17  Marauder x3, Marine  
  138  11:21  Marine, Widow Mine  
  138  11:25  Widow Mine  
  135  11:27  SCV, Command Center  
  135  11:29  SCV  
  131  11:35  Medivac  
  131  11:37  SCV  
  131  11:39  Marauder x2  
  129  11:42  Widow Mine, SCV  
  129  11:44  Marine x3  
  135  11:49  Medivac  
  135  11:51  Widow Mine  
  135  11:53  SCV  
  140  11:57  Marine  
  140  12:01  Supply Depot  
  141  12:03  Marauder x2  
  141  12:06  Marauder  
  147  12:09  Medivac  
  147  12:14  Widow Mine x2  
  153  12:16  Marine  
  153  12:19  Supply Depot  
  154  12:25  Terran Infantry Weapons Level 3  
  154  12:32  Medivac  
  154  12:36  Widow Mine  
  160  12:37  Marauder, Widow Mine  
  160  12:38  Marauder  
  160  12:39  SCV  
  156  12:46  Marauder, Marine  
  156  12:50  SCV  
  153  12:52  Marine x2  
  153  12:54  Medivac  
  153  12:56  Marine x2  
  157  12:59  Marauder  
  157  13:01  Widow Mine x2  
  157  13:04  SCV  
  164  13:07  Marauder  
  164  13:09  Marine  
  167  13:14  Marine  
  167  13:15  Marauder  
  167  13:17  Medivac  
  165  13:22  Barracks Tech Lab, Widow Mine x2  
  165  13:24  Marauder  
  157  13:27  Medivac  
  157  13:29  Marine x2  
  161  13:35  Marine, SCV x2  
  161  13:36  Marine  
  165  13:42  Marauder x2  
  166  13:49  Planetary Fortress  
  166  13:55  Marine x2  
  158  13:56  Medivac  
  158  13:57  Medivac  
  158  14:01  Widow Mine x2  
  162  14:03  Marine x2  
  162  14:09  Marauder  
  161  14:13  Marauder x3  
  161  14:15  Liberator  
  161  14:16  Marine x2  
  163  14:25  Ghost Academy  
  163  14:27  Medivac  
  163  14:30  Marine x2  
  163  14:31  Marauder  
  153  14:32  Widow Mine x2  
  153  14:36  Marauder x2  
  164  14:41  Marine  
  164  14:42  Marauder, Marine  
  164  14:48  Marine x2  
  164  14:52  Marauder  
  145  14:57  Marine, Widow Mine  
  145  14:58  Marauder  
  145  14:59  Marine x2  
  139  15:04  Marauder  
  139  15:05  Widow Mine  
  139  15:06  Marine  
  124  15:13  Marauder  
  116  15:18  Marauder  
  104  15:32  Medivac  
  104  15:33  Marine  
  86  16:10  Marauder  
  86  16:11  Marine  
  55  16:48  Marine  
  55  16:49  Marine  
Tags
 
Add a new tag
Caveats
  • Supply blocks, unpowered buildings, or Contaminate may cause inaccurate times.
  • Supply counts are checked every 10 seconds.